[Event "Lviv Tradition January 2019"]
[Site "Lviv"]
[Date "2019.01.31"]
[Round "8"]
[White "Sevostianov, Pavel"]
[Black "Shkuran, Danylo"]
[Result "1/2-1/2"]
[ECO "B33"]
[WhiteElo "2258"]
[BlackElo "2359"]
[Annotator "RC"]
[PlyCount "66"]
[EventDate "2019.01.27"]
[EventType "schev"]
[EventCountry "UKR"]
[SourceTitle "playchess.com"]
[Source "ChessBase"]
[SourceQuality "1"]
[TimeControl "5400+30"]

1. e4 c5 2. Nf3 Nc6 3. d4 cxd4 4. Nxd4 Nf6 5. Nc3 e5 6. Ndb5 d6 7. Bg5 a6 8. Na3 b5 9. Nd5 Be7 10. Bxf6 Bxf6 11. c3 Bg5 12. Nc2 O-O 13. a4 bxa4 14. Rxa4 a5 15. Bc4 Rb8 16. b3 Kh8 17. Nce3 Be6 18. O-O g6 19. Qf3 f5 20. Rd1 Qd7 21. h3 Qf7 22. Rd2 Bd8 23. Rb2 Qd7 24. Ra1 Qf7 25. Rd2 Bg5 26. Raa2 Qg7 27. Rd1 Bd8 28. Nf1 Ne7 29. Nxe7 Qxe7 30. Bxe6 Qxe6 31. c4 Bb6 32. exf5 Rxf5 33. Qd3 Bd4 1/2-1/2

[Event "Lviv Tradition January 2019"]
[Site "Lviv"]
[Date "2019.01.31"]
[Round "8"]
[White "Taranenko, Evgueniy"]
[Black "Kyrychenko, Maryan"]
[Result "1-0"]
[ECO "B51"]
[WhiteElo "2218"]
[BlackElo "2207"]
[Annotator "NA"]
[PlyCount "73"]
[EventDate "2019.01.27"]
[EventType "schev"]
[EventCountry "UKR"]
[SourceTitle "playchess.com"]
[Source "ChessBase"]
[SourceQuality "1"]
[TimeControl "5400+30"]

1. e4 c5 2. Nf3 d6 3. Bb5+ Nd7 4. d4 a6 5. Bxd7+ Bxd7 6. O-O cxd4 7. Qxd4 Rc8 8. Nc3 e5 9. Qd3 h6 10. Rd1 {[%emt 0:04:01] LiveBook: 14 Games} Nf6 11. Nd2 Be6 12. Nf1 Be7 13. Qg3 g5 14. Qd3 Rc4 15. Be3 Qc8 16. Nd2 Rc7 17. a4 Rd7 18. Nd5 Bxd5 19. exd5 Nh5 20. c4 Rd8 ({Black should try} 20... O-O) 21. Rac1 Nf4 22. Bxf4 gxf4 23. b4 Qg4 24. f3 Qh5 $2 (24... Qg6 $16 {is a better defense.} 25. Qxg6 fxg6) 25. c5 Rg8 26. Nb3 Bh4 27. c6 Ke7 28. Rd2 b6 29. Re2 f5 30. Nd2 Kf7 (30... Ra8 $142 31. Nc4 Bg3) 31. Kh1 a5 32. Nc4 $18 Bg3 33. h3 Rg6 34. c7 Rdg8 35. Nxd6+ Rxd6 36. c8=Q Rxc8 37. Rxc8 1-0

[Event "Lviv Tradition January 2019"]
[Site "Lviv"]
[Date "2019.01.31"]
[Round "8"]
[White "Siniauski, Artsiom"]
[Black "Prydun, Andriy"]
[Result "1/2-1/2"]
[ECO "B11"]
[WhiteElo "2182"]
[BlackElo "2218"]
[Annotator "NA"]
[PlyCount "66"]
[EventDate "2019.01.27"]
[EventType "schev"]
[EventCountry "UKR"]
[SourceTitle "playchess.com"]
[Source "ChessBase"]
[SourceQuality "1"]
[TimeControl "5400+30"]

1. e4 c6 2. Nc3 d5 3. Nf3 Bg4 4. h3 Bxf3 5. Qxf3 e6 6. a3 Nf6 7. d3 Nbd7 8. g3 d4 9. Ne2 Qa5+ 10. Bd2 Qb6 11. b3 Ne5 12. Qg2 Ned7 13. f4 a5 14. e5 Nd5 15. Qe4 a4 16. b4 $1 c5 17. bxc5 Bxc5 18. Bg2 Qb2 19. O-O Qxc2 20. Bb4 Ne3 21. Rac1 Qxe2 22. Rf2 Qh5 23. Rxc5 Qd1+ 24. Kh2 {[%emt 0:01:25] [#]} h5 $1 ({Stronger than} 24... Nxc5 25. Qxd4 O-O 26. Qxe3 $16) 25. g4 Nxg4+ 26. hxg4 hxg4+ 27. Kg3 Qg1 {[%emt 0:01:26] [#]} 28. Rf1 $17 (28. Rfc2 $1 $11 {[%mdl 512] keeps the balance.} Qh2+ 29. Kf2 Nxc5 30. Bxc5) 28... Rh3+ 29. Kxg4 Qh2 30. Bxh3 f5+ 31. exf6 Nxf6+ 32. Kh4 Nxe4 33. dxe4 Kf7 1/2-1/2

[Event "Lviv Tradition January 2019"]
[Site "Lviv"]
[Date "2019.01.31"]
[Round "8"]
[White "Gavrish, Leonid"]
[Black "Kagramanianz, Vartan"]
[Result "1/2-1/2"]
[ECO "B07"]
[WhiteElo "2149"]
[BlackElo "2246"]
[Annotator "NA"]
[PlyCount "90"]
[EventDate "2019.01.27"]
[EventType "schev"]
[EventCountry "UKR"]
[SourceTitle "playchess.com"]
[Source "ChessBase"]
[SourceQuality "1"]
[TimeControl "5400+30"]

1. d4 d6 2. e4 Nf6 3. Nc3 e5 4. dxe5 dxe5 5. Qxd8+ Kxd8 6. Bc4 Bb4 7. Bd2 Be6 8. Bxe6 fxe6 9. Nf3 Nc6 10. a3 Bc5 11. Rd1 Ke7 12. O-O a6 13. h3 Rad8 14. Bg5 h6 15. Bh4 g5 16. Bg3 Bd6 17. Rd2 Nh5 18. Bh2 Nf4 19. Bxf4 exf4 20. Rfd1 Ne5 21. Nxe5 Bxe5 22. Rxd8 Rxd8 23. Rxd8 Kxd8 24. Nd1 Kd7 25. Kf1 c5 26. Ke2 c4 27. f3 Bd4 28. Kd2 Kd6 29. Ke2 b5 30. Kd2 Kc5 31. b4+ Kd6 32. c3 Bb6 33. Ke2 Ke5 34. a4 Kf6 35. a5 Ba7 36. Nf2 Bxf2 37. Kxf2 Kg6 38. g4 fxg3+ 39. Kxg3 $11 e5 40. Kg4 Kf6 41. Kg3 Kg7 42. Kf2 Kg6 43. Kg2 Kh5 44. Kg3 Kg6 45. Kg4 Kf6 1/2-1/2

[Event "Lviv Tradition January 2019"]
[Site "Lviv"]
[Date "2019.02.01"]
[Round "9"]
[White "Terletsky, Oleg"]
[Black "Siniauski, Artsiom"]
[Result "1/2-1/2"]
[ECO "A16"]
[WhiteElo "2197"]
[BlackElo "2182"]
[Annotator "RC"]
[PlyCount "60"]
[EventDate "2019.01.27"]
[EventType "schev"]
[EventCountry "UKR"]
[SourceTitle "playchess.com"]
[Source "ChessBase"]
[SourceQuality "1"]
[TimeControl "5400+30"]

1. c4 Nf6 2. Nc3 d5 3. cxd5 Nxd5 4. e4 Nxc3 5. dxc3 Qxd1+ 6. Kxd1 e5 7. Be3 Be6 8. Kc2 Nd7 9. Nf3 f6 10. Nd2 a5 11. Bc4 Bxc4 12. Nxc4 b5 13. Nd2 Bc5 14. Bxc5 Nxc5 15. f3 Ke7 16. Nf1 Rhd8 17. Ne3 c6 18. Rhd1 g6 19. Rxd8 Rxd8 20. Rd1 Rxd1 21. Nxd1 Ke6 22. Nf2 Ke7 23. Nd3 Nxd3 24. Kxd3 Kd6 25. b3 Kc5 26. a3 Kd6 27. b4 a4 28. Ke3 Ke6 29. g3 Kd6 30. Kd3 Ke6 1/2-1/2